 Dungeon Crawl Stone Soup version 0.21.0-30-g47ce8e4 (webtiles) character file.

30 tidbits the Insei (level 3, 0/42 HPs)
             Began as a Gnoll Transmuter on Jan 28, 2018.
             Succumbed to an adder's poison
             ... on level 3 of the Dungeon.
             The game lasted 00:03:32 (414 turns).

tidbits the Insei (Gnoll Transmuter)                 Turns: 414, Time: 00:03:33

Health: 0/42       AC: 21    Str: 12    XL:     3   Next: 18%
Magic:  1/9        EV:  2    Int: 14    God:
Gold:   86         SH:  0    Dex: 15    Spells: 6/12 levels left

rFire    . . .     SeeInvis .     - Unarmed
rCold    . . .     Gourm    .   (no shield)
rNeg     + + +     Faith    .   (armour currently unavailable)
rPois    +         Spirit   .   (helmet currently unavailable)
rElec    .         Reflect  .   (cloak currently unavailable)
rCorr    .         Harm     .   (gloves currently unavailable)
MR       .....     Clarity  +   (boots currently unavailable) Stlth ++........NoTele +
                                (no amulet)
HPRegen  0.00/turn              (no ring)
MPRegen  0.11/turn              (no ring)

@: lethally poisoned (0 -> -10), tree-form, hasted, very quick
A: distributed training, clarity, dopey 1, inhibited regeneration, strong nose
a: no special abilities


You were on level 3 of the Dungeon.
You were not hungry.
You were a tree.
You visited 1 branch of the dungeon, and saw 3 of its levels.

You collected 86 gold pieces.

Inventory:

Hand Weapons
 a - a +0 dagger
Missiles
 g - 38 stones (quivered)
 k - 24 poisoned needles
 n - 7 arrows
Armour
 b - a +0 robe (melded)
 E - a +0 helmet (melded)
Scrolls
 e - 2 scrolls of remove curse {unknown}
 h - a scroll of noise {unknown}
 i - 2 scrolls of teleportation {unknown}
 j - 2 scrolls of amnesia {unknown}
Potions
 l - a potion of haste
Books
 c - a book of Changes

   Spells                             Type                      Level
   a - Beastly Appendage              Transmutation                1
   b - Sticks to Snakes               Transmutation                2
   c - Spider Form                    Transmutation/Poison         3
   d - Ice Form                       Ice/Transmutation            4
   e - Blade Hands                    Transmutation                5
Comestibles
 d - 3 rations


   Skills:
 + Level 2.5 Fighting
 + Level 0.6 Short Blades
 + Level 0.6 Long Blades
 + Level 0.6 Axes
 + Level 0.6 Maces & Flails
 + Level 0.6 Polearms
 + Level 0.6 Staves
 + Level 0.6 Slings
 + Level 0.6 Bows
 + Level 0.6 Crossbows
 + Level 0.6 Throwing
 + Level 0.6 Armour
 + Level 4.5 Dodging
 + Level 0.6 Stealth
 + Level 0.6 Shields
 + Level 6.5 Unarmed Combat
 + Level 5.0 Spellcasting
 + Level 0.4 Conjurations
 + Level 0.4 Hexes
 + Level 0.4 Charms
 + Level 0.4 Summonings
 + Level 0.4 Necromancy
 + Level 0.4 Translocations
 + Level 3.7 Transmutations
 + Level 0.4 Fire Magic
 + Level 0.4 Ice Magic
 + Level 0.4 Air Magic
 + Level 0.4 Earth Magic
 + Level 0.4 Poison Magic
 + Level 0.8 Invocations
 + Level 0.6 Evocations


You had 6 spell levels left.
You knew the following spells:

 Your Spells              Type           Power        Failure   Level  Hunger
e - Beastly Appendage     Tmut           ##....       3%          1    None
k - Sticks to Snakes      Tmut           ##......     5%          2    ##.....
p - Spider Form           Tmut/Pois      #.........   22%         3    ###....


Dungeon Overview and Level Annotations

Branches:
Dungeon (3/15)

Altars:
Wu Jian


Innate Abilities, Weirdness & Mutations

Your experience applies equally to all skills.
((You have very sharp teeth.))
Your uncanny sense of smell can sniff out nearby items.
((You have a pair of small horns on your head.))
You possess an exceptional clarity of mind.
((Your flesh is cold resistant. (rC+)))
You are dopey. (Int -2)
You do not regenerate when monsters are visible.


Message History

You have reached level 3!
Your experience leads to an increase in your attributes!
Increase (S)trength, (I)ntelligence, or (D)exterity?
You feel clever.
You see here 9 gold pieces.
You now have 86 gold pieces (gained 9).
You feel sick.
You see here a scroll labeled SOVAFI BEESHOODOUL.
e - 2 scrolls labeled SOVAFI BEESHOODOUL (gained 1)
You aren't carrying any pieces of jewellery.
Unknown command.
Memorise Spider Form, consuming 3 spell levels and leaving 5?
You start memorising the spell.
You continue memorising.
You feel sick.
You continue memorising. x2
You finish memorising.
Spell assigned to 'p'.
You feel sick.
You open the door.
An adder and a worm come into view.
The adder hisses angrily.
You swap places.
You swap places.
You feel sick.
You are no longer poisoned.
What are your orders? t - Bark!
Orders for allies: a - Attack new target. r - Retreat! s - Stop attacking. g - Guard the area. f - Follow me.
Anything else - Cancel.
Gang up on whom?
Press: ? - help, Dir - move target cursor, f - adder
Aim: an adder Attack!
The adder barely misses your adder.
Your adder completely misses the adder.
The adder barely misses your adder.
Your adder misses the adder. The adder bites your adder.
Your adder bites the adder.
The adder barely misses your adder.
Wield which item (- for none, * to show all)? (? for menu, Esc to quit)
You are now empty-handed.
Your adder withers and dies!
The adder bites your adder.
Your adder bites the adder.
Casting: Sticks to Snakes
Confirm with . or Enter, or press ? or * to list all spells.
You create a snake!
You now have 7 arrows.
The adder barely misses your adder.
Your adder bites the adder.
The adder bites your adder.
Your adder is poisoned.
The adder poisons your adder!
Your adder bites the adder.
The adder bites your adder.
Your adder barely misses the adder.
Casting: Sticks to Snakes
Confirm with . or Enter, or press ? or * to list all spells.
You turn into a venomous arachnid creature.
Your +0 helmet melds into your body.
Your +0 robe melds into your body.
Your adder withers and dies!
You swap places.
The adder bites you.
* * * LOW HITPOINT WARNING * * *
The adder bites you.
* * * LOW HITPOINT WARNING * * *
You are lethally poisoned!
The adder poisons you!
You hit the adder.
You kill the adder!
Your Spellcasting skill increases to level 5!
* * * LOW HITPOINT WARNING * * *
You feel sick.
* * * LOW HITPOINT WARNING * * *
You feel sick. The worm misses your ball python.
It was a potion of mutation.
You feel extremely strange.
Your thoughts seem clearer.
You feel frail.
You feel genetically stable.
* * * LOW HITPOINT WARNING * * *
You feel sick.
Your ball python bites the worm but does no damage.
Your ball python grabs the worm.
Your ball python constricts the worm.
It was a potion of haste.
You feel yourself speed up.
* * * LOW HITPOINT WARNING * * *
You feel sick.
Your ball python bites the worm.
Your ball python constricts the worm.
The worm bites your ball python!
Your ball python dies!
It was a potion of lignification.
Your transformation has ended.
Your +0 helmet unmelds from your body.
Your +0 robe unmelds from your body.
You turn into a tree.
Your +0 helmet melds into your body.
Your +0 robe melds into your body.
Your roots penetrate the ground.
* * * LOW HITPOINT WARNING * * *
You feel sick.
Really quaff
f - a potion of mutation {!q}?
You feel extremely strange.
You feel robust.
You feel genetically unstable.
You feel resistant to cold.
You feel stupid.
Your regeneration stops near monsters.
A pair of horns grows on your head!
You hit the worm.
The worm is moderately wounded.
* * * LOW HITPOINT WARNING * * *
You feel sick.
You smack the worm!
The worm is heavily wounded.
You hit the worm.
The worm is severely wounded.
You die...

..........+.........+
.###....###.........
........# ....... ..##.##.#
..... ........# ...
#.##.##.# #'# #.#...#.# #.#
#...<...#######w#######
####.#..........♣.....####.#
#.#.......#.............#
#.#.#####......###†######
#.#.# #.#....###.#
#.#..#####.#........#
#.......#.#.##.#####
###.###........# #.#
###.#.#### #.........#


You could see a worm.

Vanquished Creatures
  An adder (D:3)
  A worm (D:2)
  A leopard gecko (D:2)
  5 goblins (D:2)
  3 hobgoblins
  2 kobolds (D:1)
  A rat (D:2)
14 creatures vanquished.

Vanquished Creatures (collateral kills)
  An adder (D:3)
1 creature vanquished.

Grand Total: 15 creatures vanquished

Notes
Turn   | Place    | Note
-------+----------+-------------------------------------------
     0 | D:1      | tidbits the Gnoll Transmuter began the quest for the Orb.
     0 | D:1      | Reached XP level 1. HP: 17/17 MP: 6/6
   147 | D:2      | Reached XP level 2. HP: 19/23 MP: 5/7
   151 | D:2      | Learned a level 2 spell: Sticks to Snakes
   167 | D:2      | Found an ornate altar of the Wu Jian Council.
   381 | D:3      | Reached XP level 3. HP: 15/28 MP: 3/9
   391 | D:3      | Learned a level 3 spell: Spider Form
   406 | D:3      | Reached skill level 5 in Spellcasting
   408 | D:3      | Gained mutation: You possess an exceptional clarity of mind. [potion of mutation]
   408 | D:3      | Gained mutation: You are frail. (-10% HP) [potion of mutation]
   408 | D:3      | Gained mutation: You are somewhat resistant to further mutation. [potion of mutation]
   409 | D:3      | HP: 2/25 [poisoned by an adder]
   411 | D:3      | Lost mutation: You are frail. (-10% HP) [potion of mutation]
   411 | D:3      | Lost mutation: You are somewhat resistant to further mutation. [potion of mutation]
   411 | D:3      | Gained mutation: Your flesh is cold resistant. (rC+) [potion of mutation]
   411 | D:3      | Gained mutation: You are dopey. (Int -2) [potion of mutation]
   411 | D:3      | Gained mutation: You do not regenerate when monsters are visible. [potion of mutation]
   411 | D:3      | Gained mutation: You have a pair of small horns on your head. [potion of mutation]
   414 | D:3      | Succumbed to an adder's poison

Skill      XL: |  1  2  3 |
---------------+----------+-----
Spellcasting   | 5 |  5.0
Fighting       | |  2.5
Short Blades   | |  0.6
Long Blades    | |  0.6
Axes           | |  0.6
Maces & Flails | |  0.6
Polearms       | |  0.6
Staves         | |  0.6
Slings         | |  0.6
Bows           | |  0.6
Crossbows      | |  0.6
Throwing       | |  0.6
Armour         | |  0.6
Dodging        | |  4.5
Stealth        | |  0.6
Shields        | |  0.6
Unarmed Combat | |  6.5
Conjurations   | |  0.4
Hexes          | |  0.4
Charms         | |  0.4
Summonings     | |  0.4
Necromancy     | |  0.4
Translocations | |  0.4
Transmutations | |  3.7
Fire Magic     | |  0.4
Ice Magic      | |  0.4
Air Magic      | |  0.4
Earth Magic    | |  0.4
Poison Magic   | |  0.4
Invocations    | |  0.8
Evocations     | |  0.6

Action                   || total
-------------------------++-------
Melee: Unarmed           ||    48
       Headbutt          ||     4
       Bite              ||     3
       Punch             ||     1
 Cast: Beastly Appendage ||     7
       Sticks to Snakes  ||     5
       Spider Form       ||     1
  Use: Potion            ||     4
Armor: Robe              ||     6
Dodge: Dodged            ||    22

Table legend:
 A = Turns spent in this place as a percentage of turns spent in the entire game.
 B = Non-inter-level travel turns spent in this place as a percentage of non-inter-level travel turns spent in the entire game.
 C = Inter-level travel turns spent in this place as a percentage of turns spent in this place.
 D = Turns resting spent in this place as a percentage of non-inter-level travel turns spent in this place.
 E = Turns spent auto-exploring this place as a percentage of non-inter-level travel turns spent in this place.
 F = Non-inter-level travel turns spent in this place divided by the number of levels of this place that you've seen.
                   A       B       C       D       E      F
               +-------+-------+-------+-------+-------+----------------------
         Total | 100.0 | 100.0 |   3.6 |   0.0 |   0.0 | 133.0
       Dungeon | 100.0 | 100.0 |   3.6 |   0.0 |   0.0 | 133.0
               +-------+-------+-------+-------+-------+----------------------

Table legend:
 A = Kills in this place as a percentage of kills in entire the game.
 B = Kills by you in this place as a percentage of kills by you in the entire game.
 C = Kills by friends in this place as a percentage of kills by friends in the entire game.
 D = Other kills in this place as a percentage of other kills in the entire game.
 E = Experience gained in this place as a percentage of experience gained in the entire game.
 F = Experience gained in this place divided by the number of levels of this place that you have seen.
                   A       B       C       D       E      F
               +-------+-------+-------+-------+-------+----------------------
         Total | 100.0 | 100.0 | 100.0 |   N/A | 100.0 |  14.3
       Dungeon | 100.0 | 100.0 | 100.0 |   N/A | 100.0 |  14.3
               +-------+-------+-------+-------+-------+----------------------

Vault maps used:
D:1:      dpeg_arrival_more_subterranean_lakeside_camping,
          roderic_serpentine_path
D:2:      lemuel_round_altar
D:3:      old_standard_altar, uniq_crazy_yiuf_cottage, uniq_jessica
